 Dungeon Crawl Stone Soup version 0.29.1-2-gbd0b4ee654 (webtiles) character file.

Game seed: 11459590950714257323

3833 Lutefisk the Zephyrmancer (level 10, -3/63 HPs)
             Began as a Tengu Air Elementalist on Nov 12, 2022.
             Was a Believer of Sif Muna.
             Slain by a black bear (6 damage)
             ... on level 7 of the Dungeon.
             The game lasted 00:26:29 (4914 turns).

Lutefisk the Zephyrmancer (Tengu Air Elementalist)  Turns: 4914, Time: 00:26:30

Health: -3/63      AC:  6    Str:  9    XL:     10   Next: 18%
Magic:  10/28      EV: 24    Int: 30    God:    Sif Muna [**....]
Gold:   360        SH:  0    Dex: 22    Spells: 7/20 levels left

rFire   . . .      SeeInvis .   u - +7 sling "Suten" {vorpal, MP+9 Int+6 Stlth+}
rCold   . . .      Faith    .   (no shield)
rNeg    . . .      Spirit   .   B - +0 leather armour of Generosity {Int+6}
rPois   .          Reflect  .   (helmet restricted)
rElec   .          Harm     .   k - +2 cloak
rCorr   .          Rampage  .   (no gloves)
Will    .....                   (boots unavailable)
Stlth   +++.......              (no amulet)
HPRegen 0.20/turn               g - +4 ring of evasion
MPRegen 0.21/turn               e - +6 ring of dexterity

@: flying quickly and evasively, quick
A: beak, talons 3, nimble flight
a: Renounce Religion, Channel Magic


You were on level 7 of the Dungeon.
You worshipped Sif Muna.
Sif Muna was pleased with you.
You visited 1 branch of the dungeon, and saw 7 of its levels.
You also visited: Ossuary.

You collected 360 gold pieces.

Inventory:

Hand Weapons
 u - the +7 sling "Suten" (weapon) {vorpal, MP+9 Int+6 Stlth+}
   (You found it on level 4 of the Dungeon)

   Any ammunition fired from it inflicts extra damage upon your enemies.
   Int:       It affects your intelligence (+6).
   MP:        It affects your magic capacity (+9).
   Stlth:     It makes you more stealthy.
 x - a +1 dagger of venom
Missiles
 d - 12 poisoned darts
 r - 9 boomerangs
Armour
 k - a +2 cloak (worn)
 m - a +0 ring mail
 B - the +0 leather armour of Generosity (worn) {Int+6}
   (You found it on level 6 of the Dungeon)

   Int:       It affects your intelligence (+6).
Jewellery
 e - a +6 ring of dexterity (right hand)
 g - a +4 ring of evasion (left hand)
Wands
 C - a wand of flame (13)
 F - a wand of light (6)
Scrolls
 a - 2 scrolls of noise {unknown}
 c - 4 scrolls of teleportation {unknown}
 j - 5 scrolls of identify {unknown}
 l - 2 scrolls of brand weapon {unknown}
 p - a scroll of immolation {unknown}
 q - a scroll of poison {unknown}
 s - 2 scrolls of magic mapping {unknown}
 w - 2 scrolls of blinking {unknown}
 y - a scroll of fog {unknown}
 E - a scroll of torment {unknown}
 G - a scroll of enchant weapon {unknown}
 I - a scroll of amnesia {unknown}
 K - 2 scrolls of enchant armour {unknown}
Potions
 b - 2 potions of magic
 f - 4 potions of haste {unknown}
 h - 2 potions of ambrosia {unknown}
 i - a potion of berserk rage {unknown}
 n - a potion of lignification {unknown}
 o - 2 potions of mutation {unknown}
 t - a potion of heal wounds {unknown}
 z - a potion of attraction {unknown}
 A - a potion of brilliance {unknown}
 D - a potion of invisibility {unknown}
 H - 2 potions of resistance
 J - 2 potions of curing {unknown}


   Skills:
 - Level 7.0 Fighting
 - Level 4.0 Armour
 - Level 8.0 Dodging
 - Level 2.0 Stealth
 * Level 5.7 Spellcasting
 - Level 4.0 Conjurations
 - Level 10.0 Air Magic


You had 7 spell levels left.
You knew the following spells:

 Your Spells              Type           Power      Damage    Failure   Level
a - Shock                 Conj/Air       100%       1d9       1%          1
b - Static Discharge      Conj/Air       50%        3-10/arc  1%          2
c - Swiftness             Air            62%        N/A       1%          3
d - Airstrike             Air            31%        2d(5-21)  1%          4
e - Mephitic Cloud        Conj/Pois/Air  36%        N/A       3%          3

Your spell library contained the following spells:

 Spells                   Type           Power      Damage    Failure   Level
 Magic Dart               Conj           100%       1d8       1%          1
 Call Imp                 Summ           8%         N/A       11%         2
 Ensorcelled Hibernation  Hex/Ice        16%        N/A       11%         2
 Spider Form              Tmut/Pois      8%         N/A       22%         3
 Anguish                  Hex/Necr       4%         N/A       58%         4
 Animate Armour           Summ/Erth      16%        N/A       58%         4
 Blade Hands              Tmut           4%         N/A       90%         5
 Iron Shot                Conj/Erth      10%        9d3       99%         6


Dungeon Overview and Level Annotations

Branches:
Dungeon (7/15)             Temple (0/1) D:7         Ossuary (visited)

Altars:
Ashenzari
Kikubaaqudgha
Makhleb
Okawaru
Sif Muna
Trog
Yredelemnul

Shops:
D:4 (

Annotations:
D:3 Grinder


Innate Abilities, Weirdness & Mutations

You have a beak for a mouth.
You have claws for feet.
Your magical nature lets you fly swiftly and evasively.


Message History

The slime creature is struck by an arc of lightning!
The slime creature is severely wounded.
You are struck by an arc of lightning.
The lightning grounds out.
The slime creature hits you!
* * * LOW HITPOINT WARNING * * *
The black bear goes berserk!
Unknown command.
Casting: Static Discharge (safe; 1% risk of failure)
Confirm with . or Enter, or press ? or * to list all spells.
The slime creature is struck by an arc of lightning!
The slime creature is almost dead.
The black bear is struck by an arc of lightning!
The black bear is almost dead.
The lightning grounds out.
The slime creature closely misses you.
Casting: Static Discharge (safe; 1% risk of failure)
Confirm with . or Enter, or press ? or * to list all spells.
Okay, then.
Casting: Static Discharge (safe; 1% risk of failure)
Confirm with . or Enter, or press ? or * to list all spells.
The slime creature is struck by an arc of lightning.
You kill the slime creature!
Sif Muna accepts your kill.
You are struck by an arc of lightning.
* * * LOW HITPOINT WARNING * * *
Casting: Static Discharge (safe; 1% risk of failure)
Confirm with . or Enter, or press ? or * to list all spells.
Aiming: Airstrike (dangerous; 1% risk of failure)
Press: ? - help, Dir - move target, f - black bear
Aim: a black bear (almost dead, berserk, empty space bonus: 1/8)
Okay, then.
Unknown command.
Throw: throwing net
Press: ? - help, Q - select action, (/) - cycle Shift-Dir - straight line, f - black bear
Aim: a black bear (almost dead, berserk, 72% to hit)
You throw a throwing net.
The throwing net barely misses the black bear.
The black bear barely misses you. The black bear misses you.
The black bear completely misses you. The black bear barely misses you.
The black bear claws you.
You die...

♣ ♣ .♣. ♣.♣ ######
#.# #....♣ ♣♣.♣♣
#hJ...#e♣♣♣#♣...♣#
#..⌠..#(.h@.†....#
#.....#.♣♣♣#♣...♣#
..##.##... ♣♣.♣♣
########### #.#
♣♣....♣ ♣♣.♣♣ ♣.♣
♣♣.♣♣..♣♣♣.♣.♣♣♣♣.♣
♣..♣♣...♣.♣♣♣.[..♣..#
♣.♣♣.♣♣♣♣.♣♣
♣♣♣♣♣.♣♣# ♣♣ ♣♣...♣♣♣
[♣


You could see a deep elf pyromancer and a black bear (berserk).

Vanquished Creatures
  A manticore (D:7)
  A gargoyle (D:7)
  2 slime creatures (D:7)
  A steam dragon (D:7)
  4 water moccasins
  Duvessa (D:4)
  2 ice beasts
  An orc warrior (D:7)
  A black bear (D:7)
  An ogre (D:7)
  A phantom (D:5)
  A kobold brigand (D:6)
  2 bullfrogs (D:7)
  3 scorpions
  5 wights (D:7)
  Dowan (D:4)
  2 howler monkeys (D:7)
  2 centaur zombies (Ossuary)
  2 human zombies (Ossuary)
  2 hounds
  3 orc priests
  4 jellies
  Jessica (D:2)
  4 iguanas
  An orc wizard (D:7)
  2 mummies (Ossuary)
  4 gnolls (D:4)
  8 adders
  A white imp (D:7)
  An ufetubus (D:5)
  2 adder zombies (Ossuary)
  A worm zombie (D:7)
  A worm (D:3)
  3 dart slugs
  16 orcs
  7 bats
  16 endoplasms
  2 giant cockroaches
  7 goblins
  8 hobgoblins
  6 jackals
  2 quokkas (D:1)
  10 ball pythons
  5 frilled lizards
  13 hobgoblin zombies
  2 jackal zombies
  20 kobolds
  11 kobold zombies (Ossuary)
  4 orc zombies (Ossuary)
  2 rats
  2 rat zombies (Ossuary)
205 creatures vanquished.

Vanquished Creatures (others)
  6 fungi (D:2)
  7 toadstools (D:2)
13 creatures vanquished.

Grand Total: 218 creatures vanquished

Notes
Turn   | Place    | Note
-------+----------+-------------------------------------------
     0 | D:1      | Lutefisk the Tengu Air Elementalist began the quest for the
                  | Orb.
     0 | D:1      | Reached XP level 1. HP: 10/10 MP: 4/4
   107 | D:2      | Reached skill level 1 in Fighting
   107 | D:2      | Reached XP level 2. HP: 11/17 MP: 3/6
   273 | D:2      | Reached XP level 3. HP: 16/22 MP: 2/7
   288 | D:2      | Learned a level 2 spell: Static Discharge
   292 | D:2      | Learned a level 3 spell: Swiftness
   806 | D:1      | Reached XP level 4. HP: 23/28 MP: 2/8
  1063 | D:2      | Noticed Jessica
  1064 | D:2      | Killed Jessica
  1065 | D:2      | Reached skill level 5 in Air Magic
  1200 | D:2      | Gained mutation: Your magical nature lets you fly swiftly
                  | and evasively. [Tengu growth]
  1200 | D:2      | Reached XP level 5. HP: 18/32 MP: 5/9
  1557 | D:3      | Noticed Grinder
  1669 | D:3      | Found a burning altar of Makhleb.
  1901 | D:4      | Reached XP level 6. HP: 34/38 MP: 3/11
  1966 | D:4      | Identified the +7 sling "Suten" {vorpal, MP+9 Int+6 Stlth+}
  1996 | D:4      | Found a shimmering blue altar of Sif Muna.
  2007 | D:4      | Reached skill level 1 in Armour
  2016 | D:4      | Became a worshipper of Sif Muna the Loreminder
  2066 | D:4      | Noticed Dowan
  2068 | D:4      | Noticed Duvessa
  2135 | D:4      | Found Luusch's Antique Weapon Boutique.
  2284 | D:4      | Killed Duvessa
  2285 | D:4      | Reached skill level 6 in Air Magic
  2285 | D:4      | Reached XP level 7. HP: 36/43 MP: 13/13
  2287 | D:4      | Killed Dowan
  2511 | D:5      | Entered Level 5 of the Dungeon
  2643 | D:5      | Reached skill level 5 in Fighting
  3078 | D:5      | Reached XP level 8. HP: 49/49 MP: 15/15
  3131 | D:5      | Found a bloodstained altar of Trog.
  3131 | D:5      | Found a basalt altar of Yredelemnul.
  3135 | D:5      | Found an iron altar of Okawaru.
  3135 | D:5      | Found an ancient bone altar of Kikubaaqudgha.
  3404 | D:6      | Reached skill level 5 in Dodging
  3423 | D:6      | Learned a level 4 spell: Airstrike
  3427 | D:6      | Learned a level 3 spell: Mephitic Cloud
  3469 | D:6      | Identified the +0 leather armour of Generosity {Int+6}
  3508 | D:6      | Reached * piety under Sif Muna
  3510 | D:6      | Reached skill level 7 in Air Magic
  3695 | D:6      | Reached skill level 8 in Air Magic
  3921 | D:7      | Found a broken altar of Ashenzari.
  3967 | D:7      | Reached XP level 9. HP: 51/55 MP: 16/16
  3991 | D:7      | Noticed a deep elf pyromancer
  4154 | D:7      | Found a sand-covered staircase.
  4166 | Ossuary  | Entered an ossuary
  4262 | Ossuary  | Reached ** piety under Sif Muna
  4287 | Ossuary  | Reached skill level 5 in Spellcasting
  4595 | D:7      | Noticed a manticore
  4623 | D:7      | Found a staircase to the Ecumenical Temple.
  4666 | D:7      | Killed a manticore
  4713 | D:7      | Reached skill level 9 in Air Magic
  4747 | D:7      | Noticed a gargoyle
  4822 | D:7      | Killed a gargoyle
  4823 | D:7      | Reached skill level 10 in Air Magic
  4823 | D:7      | Reached XP level 10. HP: 57/63 MP: 14/18
  4913 | D:7      | HP: 2/63 [/static electricity (4)]
  4914 | D:7      | Slain by a black bear

Illustrated notes

Levels and vault maps discovered:
D:1:      ncdulo_wetmaze, layout_basic
D:2:      cheibrodos_fertilizer, layout_loops_ring, uniq_jessica
D:3:      layout_loops_cross, mainiacjoe_overflow_alcove_2, uniq_grinder,
          uniq_robin
D:4:      layout_loops_cross, led_sif_pool, serial_shops, nicolae_shop_stone,
          uniq_duvessa
D:5:      layout_basic, mainiacjoe_overflow_alcove_3
D:6:      minmay_angry_zag, layout_basic, minivault_19
D:7:      nzn_winding_woodlands_medium [nzn_winding_woodlands_hourglass,
          nzn_winding_woodlands_5x15_crooked, nzn_winding_woodlands_5x5_cross,
          nzn_winding_woodlands_5x5_three,
          nzn_winding_woodlands_center_pierced_h,
          nzn_winding_woodlands_5x5_open_star,
          nzn_winding_woodlands_5x5_default,
          nzn_winding_woodlands_5x15_sidewinder,
          nzn_winding_woodlands_5x5_closed_star], layout_basic,
          mainiacjoe_overflow_concentric_impassable,
          riverfiend_overflow_shadow_ancestor, minmay_temple_entry_glassed_door,
          enter_ossuary_3

Skill      XL: |  1  2  3  4  5  6  7  8  9 10 |
---------------+-------------------------------+-----
Fighting       | 1 2 3 4 5 6 7 |  7.0
Conjurations   | 2 3 4 |  4.0
Air Magic      | 5 6 8 10 | 10.0
Dodging        | 3 4 6 7 8 |  8.0
Spellcasting   | 3 4 5 |  5.7
Armour         | 1 2 4 |  4.0
Stealth        | |  2.0

Action                   |  1- 3 |  4- 6 |  7- 9 | 10-12 || total
-------------------------+-------+-------+-------+-------++-------
Melee: Unarmed           |     2 |       |       |       ||     2
       Whip              |     3 |       |       |       ||     3
       Kick              |     3 |    16 |       |       ||    19
       Dagger            |    25 |    44 |       |       ||    69
       Peck              |     2 |     8 |       |       ||    10
       Punch             |       |     1 |       |       ||     1
 Fire: Sling             |       |    17 |   126 |    12 ||   155
Throw: Dart              |     2 |       |       |       ||     2
       Throwing net      |       |       |       |     1 ||     1
 Cast: Shock             |    53 |    60 |    42 |     6 ||   161
       Static Discharge  |       |     4 |    40 |     8 ||    52
       Swiftness         |       |     1 |       |       ||     1
       Airstrike         |       |       |     9 |       ||     9
 Stab: Sleeping          |     3 |     3 |       |       ||     6
Armor: Robe              |    11 |     8 |     3 |       ||    22
       Leather armour    |       |       |     5 |     1 ||     6
Dodge: Dodged            |    27 |    36 |    61 |    13 ||   137
